 Dungeon Crawl Stone Soup version 0.30-a0-1161-g0704695555 (webtiles) character file.

Game seed: 2498912107627886846

140 Orangeyouglad the Ducker (level 5, -5/42 HPs)
             Began as a Human Monk on Apr 27, 2023.
             Engulfed by a steam dragon's steam (10 damage)
             ... on level 3 of the Dungeon.
             The game lasted 00:04:38 (2757 turns).

Orangeyouglad the Ducker (Human Monk)               Turns: 2757, Time: 00:04:38

Health: -5/42      AC:  6    Str: 14    XL:     5   Next: 46%
Magic:  5/5        EV: 12    Int: 10    God:
Gold:   104        SH:  0    Dex: 15    Spells: 2/4 levels left

rFire   . . .        a - +0 falchion
rCold   . . .        d - orb {light}
rNeg    . . .        i - +0 ring mail
rPois   .            j - +0 helmet
rElec   .            (no cloak)
rCorr   .            (no gloves)
SInv    .            (no boots)
Will    .....        t - amulet of regeneration Stlth
                     n - ring of wizardry
HPRegen 1.07/turn    (no ring)
MPRegen 0.09/turn

%: wizardry (x1)
@: confused, ambrosia-drunk, glowing
A: no striking features
a: no special abilities


You were on level 3 of the Dungeon.
You visited 1 branch of the dungeon, and saw 3 of its levels.

You collected 104 gold pieces.

Inventory:

Hand Weapons
 a - a +0 falchion (weapon)
 v - a +0 sling
Missiles
 k - 4 poisoned darts (quivered)
Armour
 b - a +0 robe
 d - an orb of light (worn)
 i - a +0 ring mail (worn)
 j - a +0 helmet (worn)
Jewellery
 n - a ring of wizardry (left hand)
 t - an amulet of regeneration (around neck)
 x - a ring of willpower
Scrolls
 e - 2 scrolls of vulnerability {unknown}
 g - a scroll of fear {unknown}
 l - a scroll of fog {unknown}
 m - a scroll of blinking {unknown}
 p - 2 scrolls of magic mapping {unknown}
 r - 2 scrolls of identify {unknown}
Potions
 f - a potion of cancellation {unknown}
 h - 2 potions of berserk rage {unknown}
 o - 2 potions of degeneration {unknown}
 q - a potion of flight {unknown}
 s - a potion of haste {unknown}
 u - a potion of mutation {unknown}
 w - a potion of magic {unknown}


   Skills:
 + Level 3.9 Fighting
 + Level 3.9 Long Blades
 + Level 3.9 Dodging
 + Level 1.5 Translocations


You had 2 spell levels left.
You knew the following spells:

 Your Spells              Type           Power      Damage    Failure   Level
a - Blink                 Tloc           6%         N/A       26%         2

Your spell library contained the following spells:

 Spells                   Type           Power      Damage    Failure   Level
 Freeze                   Ice            0%         1d3       30%         1
 Frozen Ramparts          Ice            0%         1d1       65%         3
 Hailstorm                Conj/Ice       0%         3d3       65%         3
 Manifold Assault         Tloc           3%         N/A       82%         4
 Storm Form               Tmut/Air       0%         N/A       100%        7


Dungeon Overview and Level Annotations

Branches:
Dungeon (3/15)

Altars:


Message History

A sleepcap comes into view.
The frilled lizard bites you but does no damage.
You barely miss the steam dragon.
The steam dragon is severely wounded.
The steam dragon bites you!
* * * LOW HITPOINT WARNING * * *
The steam dragon claws you but does no damage.
The frilled lizard barely misses you. The steam dragon breathes steam at you.
The ball of steam hits you!
* * * LOW HITPOINT WARNING * * *
You feel better.
You are engulfed in a cloud of scalding steam.
* * * LOW HITPOINT WARNING * * *
The frilled lizard bites you but does no damage.
You are confused.
You feel invigorated.
You are engulfed in a cloud of scalding steam.
* * * LOW HITPOINT WARNING * * *
The steam dragon barely misses you.
The steam dragon claws you but does no damage.
The frilled lizard closely misses you.
You barely miss the steam dragon.
The steam dragon is severely wounded.
You are engulfed in a cloud of scalding steam.
* * * LOW HITPOINT WARNING * * *
The steam dragon bites you!
* * * LOW HITPOINT WARNING * * *
The steam dragon closely misses you.
The frilled lizard bites you but does no damage.
The frilled lizard attacks as you move away!
The frilled lizard bites you.
* * * LOW HITPOINT WARNING * * *
The steam dragon breathes steam at you. The ball of steam hits you!
* * * LOW HITPOINT WARNING * * *
You barely miss the steam dragon.
The steam dragon is severely wounded.
You are engulfed in a cloud of scalding steam.
You die...

## .l# ##### #.#
##.#####@f>####(# ###
........Dl.....## #..#
.#.........#....###..
#..########.....#.# #.
###........###
#...............#.. #.
#..#..###............#
#.##..#..#
###....#.#.###
#.....#..# #....#.#)##


You could see a steam dragon, a sleepcap and a frilled lizard.

Vanquished Creatures
  Terence (D:2)
  Natasha (twice) (D:2)
  3 adders
  2 ball pythons
  3 bats
  3 endoplasms
  3 giant cockroaches (D:1)
  5 hobgoblins
  4 jackals (D:2)
  4 kobolds
  A quokka (D:1)
  2 frilled lizards
  2 goblins (D:1)
  3 rats
38 creatures vanquished.

Notes
Turn   | Place    | Note
-------+----------+-------------------------------------------
     0 | D:1      | Orangeyouglad the Human Monk began the quest for the Orb.
     0 | D:1      | Reached XP level 1. HP: 18/18 MP: 1/1
    97 | D:1      | Reached XP level 2. HP: 22/24 MP: 2/2
   793 | D:1      | Reached XP level 3. HP: 29/29 MP: 3/3
  1224 | D:2      | Learned a level 2 spell: Blink
  1433 | D:2      | Noticed Terence
  1450 | D:2      | Killed Terence
  1451 | D:2      | Reached XP level 4. HP: 21/37 MP: 4/4
  1497 | D:2      | Reached skill level 1 in Translocations
  1750 | D:2      | Noticed Natasha
  1756 | D:2      | Killed Natasha
  1757 | D:2      | Reached XP level 5. HP: 42/42 MP: 5/5
  1881 | D:2      | Noticed Natasha
  1902 | D:2      | Killed Natasha
  2734 | D:3      | Noticed a steam dragon
  2751 | D:3      | HP: 1/42 [steam dragon/ball of steam (10)]
  2757 | D:3      | Engulfed by a steam dragon's steam

Illustrated notes

Levels and vault maps discovered:
D:1:      roderic_octagonal_star, layout_basic
D:2:      layout_loops_cross, minmay_misc_feat_diagonals, uniq_terence,
          uniq_natasha
D:3:      layout_loops_ring

Skill      XL: |  1  2  3  4 |
---------------+-------------+-----
Translocations | 1 |  1.5
Fighting       | |  3.9
Long Blades    | |  3.9
Dodging        | |  3.9

Action                     |  1- 3 |  4- 6 || total
---------------------------+-------+-------++-------
  Melee: Falchion          |    84 |    53 ||   137
  Throw: Dart              |     3 |     7 ||    10
    Use: Potion            |       |     2 ||     2
 Armour: Robe              |     5 |       ||     5
         Ring mail         |    34 |    26 ||    60
  Dodge: Dodged            |    59 |    31 ||    90

Table legend: (Time is in decaauts)
 A = Elapsed time spent in this place.
 B = Non-inter-level travel time spent in this place.
 C = Inter-level travel time spent in this place.
 D = Time resting spent in this place.
 E = Time spent auto-exploring this place.
 F = Levels seen in this place.
 G = Mean time per level.
                   A        B        C        D        E       F      G
               +--------+--------+--------+--------+--------+-----+--------+
         Total |   2780 |   2219 |    561 |    116 |   1259 |   3 |  926.7 |
       Dungeon |   2780 |   2219 |    561 |    116 |   1259 |   3 |  926.7 |
               +--------+--------+--------+--------+--------+-----+--------+

Top non-repeatable levels by time:
     D:2: 1532 daAuts
     D:1: 1163 daAuts
     D:3: 84 daAuts
